 Dungeon Crawl Stone Soup version 0.28-a0-297-g99b01970c5 (webtiles) character file.

Game seed: 3447086467513663389

611 Gargoyl the Skirmisher (level 7, 0/60 HPs)
             Began as a Gnoll Abyssal Knight on Aug 29, 2021.
             Was a Believer of Lugonu.
             Slain by Edmund (8 damage)
             ... on level 4 of the Dungeon.
             The game lasted 00:04:41 (4038 turns).

Gargoyl the Skirmisher (Gnoll Abyssal Knight)       Turns: 4038, Time: 00:04:41

Health: 0/60       AC:  6    Str: 13    XL:     7   Next: 44%
Magic:  11/11      EV:  9    Int:  9    God:    Lugonu [**....]
Gold:   129        SH:  8    Dex: 12    Spells: 11/11 levels left

rFire   . . .      SeeInvis .   a - +1 hand axe
rCold   . . .      Faith    .   k - +0 kite shield
rNeg    . . .      Spirit   .   d - +0 ring mail
rPois   .          Reflect  .   (no helmet)
rElec   .          Harm     .   (no cloak)
rCorr   .          Rampage  .   (no gloves)
Will    .....                   (no boots)
Stlth   +.........              (no amulet)
HPRegen 0.20/turn               (no ring)
MPRegen 0.12/turn               (no ring)

@: no status effects
A: fangs 1, strong nose, distributed training, dopey 1
a: Renounce Religion, Depart the Abyss, Bend Space


You were on level 4 of the Dungeon.
You worshipped Lugonu.
Lugonu was pleased with you.
You visited 1 branch of the dungeon, and saw 4 of its levels.
You visited the Abyss 1 time.

You collected 129 gold pieces.

Inventory:

Hand Weapons
 a - a +1 hand axe (weapon)
Missiles
 h - 18 poisoned darts (quivered)
Armour
 d - a +0 ring mail (worn)
 k - a +0 kite shield (worn)
Scrolls
 e - a scroll of silence
 f - a scroll of fear
 g - 3 scrolls of teleportation
Potions
 b - a potion of brilliance {unknown}
 i - a potion of curing
 j - a potion of heal wounds
 l - a potion of haste {unknown}
Miscellaneous
 c - a lightning rod (4/4)


   Skills:
 + Level 7.0 Fighting
 + Level 2.5 Short Blades
 + Level 2.5 Long Blades
 + Level 5.2 Axes
 + Level 2.5 Maces & Flails
 + Level 2.5 Polearms
 + Level 2.5 Staves
 + Level 2.5 Slings
 + Level 2.5 Bows
 + Level 2.5 Crossbows
 + Level 2.5 Throwing
 + Level 5.2 Armour
 + Level 3.6 Dodging
 + Level 2.5 Stealth
 + Level 2.5 Shields
 + Level 2.5 Unarmed Combat
 + Level 2.5 Spellcasting
 + Level 2.0 Conjurations
 + Level 2.0 Hexes
 + Level 2.0 Summonings
 + Level 2.0 Necromancy
 + Level 2.0 Translocations
 + Level 2.0 Transmutations
 + Level 2.0 Fire Magic
 + Level 2.0 Ice Magic
 + Level 2.0 Air Magic
 + Level 2.0 Earth Magic
 + Level 2.0 Poison Magic
 + Level 5.4 Invocations
 + Level 2.5 Evocations


You had 11 spell levels left.
You didn't know any spells.
Your spell library contained the following spells:

 Spells                   Type           Power      Damage    Failure   Level
 Sublimation of Blood     Necr           2%         N/A       91%         2
 Wereblood                Tmut           4%         N/A       91%         2
 Summon Hydra             Summ           2%         N/A       100%        7


Dungeon Overview and Level Annotations

Branches:
Dungeon (4/15)             Temple (0/1) D:4

Altars:
Gozag
Okawaru

Shops:
D:4 *

Annotations:
D:4 Edmund


Innate Abilities, Weirdness & Mutations

You have very sharp teeth.
Your uncanny sense of smell can sniff out nearby items.
Your experience applies equally to all skills.
You are dopey. (Int -2)


Message History

Press: ? - help, Q - select action, (/) - cycle Shift-Dir - straight line, f/p - Edmund
Aim: Edmund, wielding a +2 flail of protection and wearing a +0 scale mail (heavily wounded, 64% to hit)
You throw a poisoned dart. The poisoned dart hits Edmund!
Edmund is poisoned.
Edmund is heavily wounded.
Edmund hits you with a +2 flail of protection.
You block Edmund's attack.
Edmund looks more healthy.
Edmund hits you but does no damage.
Throw: 20 darts (poison)
Press: ? - help, Q - select action, (/) - cycle Shift-Dir - straight line, f/p - Edmund
Aim: Edmund, wielding a +2 flail of protection and wearing a +0 scale mail (severely wounded, 64% to hit)
You throw a poisoned dart. The poisoned dart hits Edmund.
Edmund is poisoned.
Edmund is severely wounded.
You block Edmund's attack.
You hit Edmund but do no damage.
Edmund is severely wounded.
Edmund hits you with a +2 flail of protection.
Unknown command.
You hit Edmund but do no damage.
Edmund is severely wounded.
Edmund hits you but does no damage.
Unknown command.
You hit Edmund but do no damage.
Edmund is severely wounded.
Edmund says, "I might not be good at magic, but I can still kill you!"
Edmund hits you with a +2 flail of protection!
* * * LOW HITPOINT WARNING * * *
You barely miss Edmund.
Edmund is almost dead.
Edmund looks more healthy.
Edmund hits you with a +2 flail of protection.
* * * LOW HITPOINT WARNING * * *
You block Edmund's attack.
Unknown command.
Throw: 19 darts (poison)
Press: ? - help, Q - select action, (/) - cycle Shift-Dir - straight line, f/p - Edmund
Aim: Edmund, wielding a +2 flail of protection and wearing a +0 scale mail (almost dead, 65% to hit)
You throw a poisoned dart. The poisoned dart hits Edmund.
Edmund is poisoned.
Edmund is almost dead.
Edmund hits you with a +2 flail of protection!
You die...

############# ## ##.
##...........### ###.#
##.. #......>.......#
#..... #...
##.............##.....#
...
#.............@.....#
... #
#...........#.@....##
#.. #
#.#.?......#.......#
##(.
###.#......#........##
##..#
.##.##....#........##
#...#
..#.###.#..).......#
##(.## ....#
##....)......# #...##
#.#.##...........(.###
###.....
..#..............≈...#
###.......


You could see Edmund (poisoned).

Vanquished Creatures
  An orange demon (Abyss:3)
  2 scorpions
  A hound (D:3)
  2 iguanas
  An orc wizard (D:4)
  2 adders
  3 worms
  2 dart slugs (D:1)
  6 orcs
  9 ball pythons
  9 endoplasms
  4 giant cockroaches (D:1)
  6 goblins
  4 hobgoblins
  2 jackals (D:4)
  3 quokkas
  3 bats
  5 frilled lizards
  11 kobolds
  4 rats
80 creatures vanquished.

Notes
Turn   | Place    | Note
-------+----------+-------------------------------------------
     0 | Abyss:1  | Gargoyl the Gnoll Abyssal Knight began the quest for the
                  | Orb.
     0 | Abyss:1  | Reached XP level 1. HP: 23/23 MP: 3/3
    82 | Abyss:3  | Noticed a cacodemon
    82 | Abyss:3  | Noticed an orange demon
    88 | Abyss:3  | Gained mutation: You are dopey. (Int -2) [a cacodemon]
   117 | Abyss:3  | Killed an orange demon
   118 | Abyss:3  | Reached skill level 1 in Short Blades
   118 | Abyss:3  | Reached skill level 1 in Long Blades
   118 | Abyss:3  | Reached skill level 1 in Maces & Flails
   118 | Abyss:3  | Reached skill level 1 in Polearms
   118 | Abyss:3  | Reached skill level 1 in Staves
   118 | Abyss:3  | Reached skill level 1 in Slings
   118 | Abyss:3  | Reached skill level 1 in Bows
   118 | Abyss:3  | Reached skill level 1 in Crossbows
   118 | Abyss:3  | Reached skill level 1 in Throwing
   118 | Abyss:3  | Reached skill level 1 in Stealth
   118 | Abyss:3  | Reached skill level 1 in Shields
   118 | Abyss:3  | Reached skill level 1 in Unarmed Combat
   118 | Abyss:3  | Reached skill level 1 in Spellcasting
   118 | Abyss:3  | Reached skill level 1 in Conjurations
   118 | Abyss:3  | Reached skill level 1 in Hexes
   118 | Abyss:3  | Reached skill level 1 in Summonings
   118 | Abyss:3  | Reached skill level 1 in Necromancy
   118 | Abyss:3  | Reached skill level 1 in Translocations
   118 | Abyss:3  | Reached skill level 1 in Transmutations
   118 | Abyss:3  | Reached skill level 1 in Fire Magic
   118 | Abyss:3  | Reached skill level 1 in Ice Magic
   118 | Abyss:3  | Reached skill level 1 in Air Magic
   118 | Abyss:3  | Reached skill level 1 in Earth Magic
   118 | Abyss:3  | Reached skill level 1 in Poison Magic
   118 | Abyss:3  | Reached skill level 5 in Invocations
   118 | Abyss:3  | Reached skill level 1 in Evocations
   118 | Abyss:3  | Reached XP level 2. HP: 29/29 MP: 3/5
   118 | Abyss:3  | Reached XP level 3. HP: 35/35 MP: 3/6
   118 | Abyss:3  | Reached XP level 4. HP: 41/41 MP: 3/7
   118 | Abyss:3  | Reached XP level 5. HP: 47/47 MP: 3/8
   118 | Abyss:3  | Reached XP level 6. HP: 53/53 MP: 3/9
   121 | D:1      | Escaped the Abyss
   221 | D:1      | Found an opulent altar of Gozag.
   259 | D:1      | Reached * piety under Lugonu
   424 | D:1      | Reached skill level 5 in Axes
   424 | D:1      | Reached skill level 5 in Armour
  1188 | D:2      | Reached ** piety under Lugonu
  2446 | D:3      | Found a faded altar of an unknown god.
  2464 | D:3      | Reached XP level 7. HP: 29/59 MP: 10/10
  3196 | D:4      | Found a staircase to the Ecumenical Temple.
  3230 | D:3      | Reached skill level 7 in Fighting
  3616 | D:4      | Found Qyskelidat's General Store.
  3880 | D:4      | Found an iron altar of Okawaru.
  3989 | D:4      | Noticed Edmund
  4038 | D:4      | Slain by Edmund

Illustrated notes

Levels and vault maps discovered:
D:1:      mainiacjoe_arrival_reflecting_pool, layout_loops_ring, st_stairs_9,
          minmay_hexomino_r4
D:2:      layout_loops_ring, kennysheep_doodads
D:3:      layout_loops_ring, dreamdust_ecumenical_altar_grove
D:4:      layout_cave_pods, mainiacjoe_overflow_alcove_3,
          minmay_temple_entry_ruins, serial_shops, nicolae_diamond_shop,
          shop_fountains, nicolae_stop_n_shop_2, uniq_grinder, uniq_edmund,
          uniq_ijyb

Skill      XL: |  1  2  3  4  5  6  7 |
---------------+----------------------+-----
Short Blades   | 1 2 |  2.5
Long Blades    | 1 2 |  2.5
Maces & Flails | 1 2 |  2.5
Polearms       | 1 2 |  2.5
Staves         | 1 2 |  2.5
Slings         | 1 2 |  2.5
Bows           | 1 2 |  2.5
Crossbows      | 1 2 |  2.5
Throwing       | 1 2 |  2.5
Dodging        | 3 |  3.6
Stealth        | 1 2 |  2.5
Shields        | 1 2 |  2.5
Unarmed Combat | 1 2 |  2.5
Spellcasting   | 1 2 |  2.5
Conjurations   | 1 2 |  2.0
Hexes          | 1 2 |  2.0
Summonings     | 1 2 |  2.0
Necromancy     | 1 2 |  2.0
Translocations | 1 2 |  2.0
Transmutations | 1 2 |  2.0
Fire Magic     | 1 2 |  2.0
Ice Magic      | 1 2 |  2.0
Air Magic      | 1 2 |  2.0
Earth Magic    | 1 2 |  2.0
Poison Magic   | 1 2 |  2.0
Invocations    | 5 |  5.4
Evocations     | 1 2 |  2.5
Axes           | 5 |  5.2
Armour         | 5 |  5.2
Fighting       | 7 |  7.0

Action                   |  1- 3 |  4- 6 |  7- 9 || total
-------------------------+-------+-------+-------++-------
Melee: Hand axe          |       |   147 |   107 ||   254
       Bite              |       |    15 |     9 ||    24
       Punch             |       |     1 |       ||     1
Throw: Dart              |       |    10 |    12 ||    22
Invok: Depart the Abyss  |       |     1 |       ||     1
Evoke: Lightning rod     |     3 |       |       ||     3
  Use: Scroll            |     1 |     7 |       ||     8
       Potion            |     1 |       |       ||     1
 Stab: Sleeping          |       |     4 |       ||     4
Armor: Ring mail         |       |    52 |    44 ||    96
       Leather armour    |       |     4 |       ||     4
Dodge: Dodged            |       |    83 |    51 ||   134
Block: Kite shield       |       |    11 |    70 ||    81

Table legend: (Time is in decaauts)
 A = Elapsed time spent in this place.
 B = Non-inter-level travel time spent in this place.
 C = Inter-level travel time spent in this place.
 D = Time resting spent in this place.
 E = Time spent auto-exploring this place.
 F = Levels seen in this place.
 G = Mean time per level.
                   A        B        C        D        E       F      G
               +--------+--------+--------+--------+--------+-----+--------+
         Total |   4100 |   4014 |     86 |    727 |   2369 |   7 |  585.7 |
       Dungeon |   3965 |   3879 |     86 |    727 |   2322 |   4 |  991.2 |
         Abyss |    135 |    135 |      0 |      0 |     47 |   3 |   45.0 |
               +--------+--------+--------+--------+--------+-----+--------+

Top non-repeatable levels by time:
     D:3: 1127 daAuts
     D:2: 1099 daAuts
     D:1: 890 daAuts
     D:4: 847 daAuts
 Abyss:1: 70 daAuts
 Abyss:3: 53 daAuts
 Abyss:2: 10 daAuts
